 Dungeon Crawl Stone Soup version 0.25.1-11-g244df3a29b (webtiles) character file.

Game seed: 17157731658872065150

43 BreadTh the Skirmisher (level 3, -1/37 HPs)
             Began as an Ogre Skald on Mar 6, 2022.
             Slain by Crazy Yiuf
             ... wielding a +3 quarterstaff of chaos
              (3 damage)
             ... on level 2 of the Dungeon.
             The game lasted 00:04:56 (1542 turns).

BreadTh the Skirmisher (Ogre Skald)                 Turns: 1542, Time: 00:05:00

Health: -1/37      AC:  3    Str: 15    XL:     3   Next: 58%
Magic:  3/7        EV: 10    Int: 15    God:
Gold:   38         SH:  0    Dex:  8    Spells: 6/7 levels left

rFire    . . .     SeeInvis .   j - +2 whip (freeze)
rCold    . . .     Gourm    .   (no shield)
rNeg     . . .     Faith    .   b - +0 robe
rPois    .         Spirit   .   (helmet restricted)
rElec    .         Reflect  .   (no cloak)
rCorr    .         Harm     .   (gloves unavailable)
MR       .....                  (boots unavailable)
Stlth    +.........             e - amulet of the acrobat
HPRegen  0.12/turn              (no ring)
MPRegen  0.10/turn              (no ring)

@: lethally poisoned (-1 -> -10), infused, invisible
A: large, unfitting armour, tough skin 1
a: no special abilities


You were on level 2 of the Dungeon.
You were not hungry.

You visited 1 branch of the dungeon, and saw 2 of its levels.

You collected 38 gold pieces.

Inventory:

Hand Weapons
 a - a +0 mace
 j - a +2 whip of freezing (weapon)
Missiles
 g - 91 stones (quivered)
 h - 11 poisoned darts
Armour
 b - a +0 robe (worn)
Jewellery
 e - an amulet of the acrobat (around neck)
Scrolls
 l - a scroll of amnesia {unknown}
 m - a scroll of blinking {unknown}
 n - a scroll of fear {unknown}
 o - a scroll of magic mapping {unknown}
 r - a scroll of remove curse {unknown}
Potions
 i - a potion of might
 k - a potion of stabbing {unknown}
 p - a potion of berserk rage {unknown}
 q - a potion of degeneration {unknown}
 s - a potion of brilliance {unknown}
Comestibles
 d - 3 rations
 f - a chunk of flesh


   Skills:
 * Level 3.5 Fighting
 * Level 2.3 Maces & Flails
 + Level 0.5 Throwing
 + Level 2.3 Dodging
 + Level 2.7 Spellcasting
 + Level 2.8 Charms


You had 6 spell levels left.
You knew the following spells:

 Your Spells              Type           Power        Failure   Level  Hunger
a - Infusion              Chrm           ##..         6%          1    #......

Your spell library contained the following spells:

 Spells                   Type           Power        Failure   Level  Hunger
 Song of Slaying          Chrm           ##......     10%         2    ##.....
 Shroud of Golubria       Chrm/Tloc      #.....       17%         2    ##.....
 Ozocubu's Armour         Chrm/Ice       #.......     34%         3    ###....
 Spectral Weapon          Hex/Chrm       #.......     34%         3    ###....


Dungeon Overview and Level Annotations

Branches:
Dungeon (2/15)

Altars:

Annotations:
D:2 Crazy Yiuf


Innate Abilities, Weirdness & Mutations

You are too large for most types of armour.
You have tough skin. (AC +1)


Message History

Crazy Yiuf is lightly wounded.
Crazy Yiuf hits you with a +3 quarterstaff of chaos!
You are poisoned.
You hit Crazy Yiuf. You freeze Crazy Yiuf.
Crazy Yiuf is heavily wounded.
You feel sick.
Crazy Yiuf laughs, "Rot koolooloo return to song!"
Crazy Yiuf hits you with a +3 quarterstaff of chaos!
Crazy Yiuf freezes you.
* * * LOW HITPOINT WARNING * * *
* * * LOW HITPOINT WARNING * * *
You feel sick.
It was a potion of invisibility.
You fade into invisibility!
* * * LOW HITPOINT WARNING * * *
You feel sick.
Crazy Yiuf hits you with a +3 quarterstaff of chaos!
* * * LOW HITPOINT WARNING * * *
Crazy Yiuf burns you.
You die...

#......#####..
#......# #..
#####..# #.. #.##
### #.## ###
####..# #)..###
##P.#..#
#...'g####).....#
#...##@.#.PP).)##
### ###.#..)###
#######


You could see Crazy Yiuf.

Vanquished Creatures
  2 dart slugs (D:1)
  A giant cockroach (D:2)
  9 goblins (D:1)
  3 hobgoblins
  6 jackals
  A quokka (D:2)
  3 bats
  A frilled lizard (D:1)
  3 kobolds
  3 rats
32 creatures vanquished.

Notes
Turn   | Place    | Note
-------+----------+-------------------------------------------
     0 | D:1      | BreadTh the Ogre Skald began the quest for the Orb.
     0 | D:1      | Reached XP level 1. HP: 22/22 MP: 3/3
   355 | D:1      | Reached XP level 2. HP: 17/29 MP: 5/5
   495 | D:1      | Reached skill level 3 in Fighting
   960 | D:1      | Reached XP level 3. HP: 37/37 MP: 6/6
  1529 | D:2      | Found a runed translucent door.
  1530 | D:2      | Noticed Crazy Yiuf
  1542 | D:2      | Slain by Crazy Yiuf

Illustrated notes

Levels and vault maps discovered:
D:1:      dpeg_arrival_connections, layout_basic, minmay_misc_feat_x,
          minmay_close_crescents
D:2:      layout_rooms, dk_yredelemnul_ordeal, uniq_crazy_yiuf_cottage,
          uniq_jessica

Skill      XL: |  1  2 |
---------------+-------+-----
Maces & Flails | 2 |  2.3
Fighting       | 3 |  3.5
Throwing       | |  0.5
Dodging        | |  2.3
Spellcasting   | |  2.7
Charms         | |  2.8

Action                   || total
-------------------------++-------
Melee: Mace              ||    53
       Whip              ||    52
 Cast: Infusion          ||     1
  Use: Potion            ||     1
  Eat: Chunk             ||     2
Armor: Robe              ||    26
Dodge: Dodged            ||    65
